 Dungeon Crawl Stone Soup version 0.31-a0-702-gf82c85558f (webtiles) character file.

Game seed: 11762339632595887436

974 MackTheKnife the Covert (level 8, -5/41 HPs)
             Began as a Kobold Enchanter on Sept 8, 2023.
             Slain by Pikel
             ... wielding a +0 whip of freezing
              (9 damage)
             ... on level 5 of the Dungeon.
             The game lasted 00:08:29 (4880 turns).

MackTheKnife the Covert (Kobold Enchanter)          Turns: 4880, Time: 00:08:29

Health: -5/41      AC:  4    Str:  5    XL:     8   Next: 39%
Magic:  8/11       EV: 15    Int: 19    God:
Gold:   182        SH:  0    Dex: 15    Spells: 6/11 levels left

rFire   . . .        q - +0 rapier (distort) {!wshort}
rCold   . . .        (no shield)
rNeg    . . .        b - +0 robe
rPois   .            g - +0 helmet
rElec   .            (no cloak)
rCorr   .            i - +0 pair of gloves
SInv    .            (no boots)
Will    .....        (no amulet)
Stlth   +++++        (no ring)
HPRegen 0.26/turn    (no ring)
MPRegen 0.12/turn

%: no passive effects
@: confusing by touch
A: small, no large weapons, nightstalker 3
a: no special abilities


You were on level 5 of the Dungeon.
You visited 1 branch of the dungeon, and saw 5 of its levels.

You collected 182 gold pieces.


Innate Abilities, Weirdness & Mutations

You are small and have problems with some larger weapons.
You are completely attuned to the shadows.


   Skills:
 + Level 5.8 Short Blades
 - Level 2.4 Dodging
 + Level 10.1 Stealth
 - Level 2.1 Spellcasting
 - Level 5.5 Hexes


You had 6 spell levels left.
You knew the following spells:

 Your Spells              Type           Power      Damage    Failure   Level
a - Ensorcelled Hibernat  Hex/Ice        24%        N/A       8%          2
b - Confusing Touch       Hex            23%        N/A       4%          3

Your spell library contained the following spells:

 Spells                   Type           Power      Damage    Failure   Level
 Tukima's Dance           Hex            23%        N/A       4%          3
 Dazzling Flash           Conj/Hex       24%        N/A       16%         3
 Blink                    Tloc           4%         N/A       26%         2
 Lesser Beckoning         Tloc           4%         N/A       26%         2
 Gell's Gravitas          Tloc           2%         N/A       45%         3
 Teleport Other           Tloc           2%         N/A       45%         3
 Manifold Assault         Tloc           2%         N/A       86%         4
 Vhi's Electric Charge    Tloc/Air       4%         N/A       86%         4
 Arcjolt                  Conj/Air       1%         1d11      99%         5
 Dispersal                Tloc           1%         N/A       100%        6
 Plasma Beam              Fire/Air       1%         2x1d11    100%        6

Inventory:

Hand Weapons
 q - a +0 rapier of distortion (weapon) {!wshort}
   (You took it off a kobold on level 3 of the Dungeon)
Missiles
 n - 4 poisoned darts {throwing}
Armour
 b - a +0 robe (worn)
 g - a +0 helmet (worn)
   (You found it on level 2 of the Dungeon)
 i - a +0 pair of gloves (worn)
   (You found it on level 2 of the Dungeon)
Wands
 o - a wand of acid (5)
   (You found it on level 3 of the Dungeon)
 r - a wand of flame (17)
   (You took it off Sigmund on level 4 of the Dungeon)
Scrolls
 a - a scroll of blinking {!r}
 l - a scroll of teleportation {unknown}
 m - a scroll of summoning {unknown}
 s - a scroll of poison {!r}
Potions
 c - a potion of invisibility
 d - a potion of curing {@q1}
 j - a potion of magic
 k - a potion of haste {unknown}
 p - a potion of enlightenment {unknown}
 t - a potion of resistance {unknown}

Dungeon Overview and Level Annotations

Branches:
Dungeon (5/15) Zot: 25122
 Temple: D:4-7

Altars:
Fedhas
Nemelex Xobeh
Lugonu

Portals:
Abyss: D:3

Annotations:
D:3 exclusions: jelly and orc
D:5 Pikel

#..[...###.......#....#.#.##.#...
#....).#######...######.#.##.###.
####'#.#............)...#......#.
#.#.#.#######.########.##.#...
#.#...##...............<#.#.##
#.######.####.####..........#
#...........#.# #.###..#.#5#
########.##.#.# #.#....#.#.#
#†##.#@# #>.....#.#5#
#.##.#K######....#.#5#
#.....5s.........#.#.#
######.#.#####.....#.#.#
.......#.#...#.....#.#.#
.........#.#.#...).#.#.#
.........#.........#.#.#
.........'.....#.###.#.#
.........###.###.....#.#


You could see Pikel, a lemure and a scorpion.


Message History

You see here 6 boomerangs {throwing}.
Key pressed, stopping explore.
Key pressed, stopping explore.
You see here 3 stones {throwing}.
You see here a +0 ring mail.
A phantom comes into view. 😎 MP[+4]
Your mp is fully restored (11).
A phantom is nearby!
A phantom is nearby!
The helpless phantom fails to defend itself.
You spit the phantom like a pig!!!
You destroy the phantom!
Your Stealth skill increases to level 10!
Key pressed, stopping explore.
Key pressed, stopping explore.
You see here a staff of poison {!astaff}.
You see here 3 stones {throwing}.
An orc is nearby!
An orc is nearby!
The orc shouts!
The orc looks drowsy... 😎 MP[-2]
You lost 2 mp, and now have 9/11 mp.
The helpless orc fails to defend itself.
You spit the orc like a pig!!!
You kill the orc!
Things that are here:
a +0 whip of flaming {mace}; a +0 leather armour; an orc corpse 😎 MP[+2]
Your mp is fully restored (11).
There is an open door here.
Key pressed, stopping explore.
A lemure is nearby!
A lemure is nearby!
A lemure is nearby!
The lemure shouts!
Pikel shouts!
You hear a shout!
The lemure shouts!
You closely miss the lemure.
You hear a shout!
The lemure barely misses you.
You hit the lemure.
Space warps horribly around the lemure!
The lemure closely misses you.
You hit the lemure. The lemure closely misses you.
You hit the lemure.
You kill the lemure!
That felt strangely unrewarding.
You hit the lemure but do no damage.
Space warps around the lemure!
The lemure hits you! 😕 HP[-7]
You take 7 damage, and now have 34/41 hp.
You miss the lemure.
A scorpion comes into view.
You closely miss the lemure. The lemure hits you but does no damage.
You hit the lemure but do no damage.
Space warps around the lemure.
The lemure hits you but does no damage.
You hit the lemure but do no damage.
Space warps around the lemure.
The lemure barely misses you.
You hit the lemure but do no damage.
The lemure blinks!
The scorpion closely misses you. 😕 HP[+1]
You hit the scorpion. The scorpion barely misses you.
You barely miss the scorpion. The scorpion barely misses you.
You closely miss the scorpion. The scorpion barely misses you.
You hit the scorpion but do no damage. The scorpion stings you. 😕 HP[-3]
You take 3 damage, and now have 32/41 hp.
You hit the scorpion but do no damage.
Space warps around the scorpion.
The scorpion stings you. 😕 HP[-1]
You take 1 damage, and now have 31/41 hp.
You hit the scorpion. The scorpion stings you. 😮 HP[-1]
You take 1 damage, and now have 30/41 hp.
You hit the scorpion.
The scorpion blinks!
Casting: Ensorcelled Hibernation (safe; 8% risk of failure)
Confirm with . or Enter, or press ? or * to list all spells.
Your hands begin to glow red.
Pikel hits you with a +0 whip of freezing!
Pikel freezes you.
* * * LOW HITPOINT WARNING * * *
😨 HP[-14] MP[-3]
You take 14 damage, and now have 16/41 hp.
MASSIVE DAMAGE!! (PAUSE)
You lost 3 mp, and now have 8/11 mp.
Unknown command.
You closely miss Pikel.
Pikel cracks his whip.
Pikel barely misses you.
You closely miss Pikel.
Pikel hits you with a +0 whip of freezing!
* * * LOW HITPOINT WARNING * * *
Pikel freezes you.
* * * LOW HITPOINT WARNING * * *
😱 HP[-12]
You take 12 damage, and now have 4/41 hp.
MASSIVE DAMAGE!! (PAUSE)
You barely miss Pikel.
Pikel hits you with a +0 whip of freezing!
You die...
Pikel says, "Another soul for the market."

Skill      XL: |  1  2  3  4  5  6  7  8 |
---------------+-------------------------+-----
Stealth        | 5 6 7 9 10 | 10.1
Hexes          | 4 5 |  5.5
Short Blades   | 4 5 |  5.8
Dodging        | |  2.4
Spellcasting   | |  2.1

Action                     |  1- 3 |  4- 6 |  7- 9 || total
---------------------------+-------+-------+-------++-------
  Melee: Dagger            |    60 |    37 |       ||    97
         Rapier            |       |     6 |    49 ||    55
   Cast: Ensorcelled Hiber |    11 |    15 |    16 ||    42
         Confusing Touch   |       |     2 |     2 ||     4
  Evoke: Wand              |       |     5 |       ||     5
    Use: Potion            |       |     2 |       ||     2
         Scroll            |       |       |     5 ||     5
   Stab: Sleeping          |    18 |    27 |    14 ||    59
         Distracted        |       |     2 |       ||     2
 Armour: Robe              |    18 |    20 |    29 ||    67
  Dodge: Dodged            |    46 |    28 |    39 ||   113

Levels and vault maps discovered:
D:1:      spicycebolla_green_bress_n_ham, layout_basic
D:2:      layout_loops_cross
D:3:      due_chaos_kobolds, layout_basic, fedhas_altar_2,
          mainiacjoe_overflow_tiny_flanked, dreamdust_princess_bridge,
          minmay_misc_feat_roman
D:4:      layout_basic, uniq_sigmund
D:5:      layout_basic, mainiacjoe_overflow_alcove_1, uniq_pikel, uniq_menkaure

Notes
Turn   | Place    | Note
-------+----------+-------------------------------------------
     0 | D:1      | MackTheKnife the Kobold Enchanter began the quest for the
                  | Orb.
     0 | D:1      | Reached XP level 1. HP: 10/10 MP: 3/3
     0 | D:1      | magus.rc [v1.9.6]
     9 | D:1      | You pick up a book of Displacement and begin reading...
     9 | D:1      | You add the spells Lesser Beckoning, Gell's Gravitas and
                  | Teleport Other to your library.
    82 | D:1      | You add the spells Blink and Manifold Assault to your
                  | library.
   144 | D:1      | Reached XP level 2. HP: 15/15 MP: 5/5
   147 | D:1      | Learned a level 2 spell: Ensorcelled Hibernation
   529 | D:1      | Reached XP level 3. HP: 18/19 MP: 3/6
   719 | D:1      | Learned a level 3 spell: Confusing Touch
   962 | D:2      | Reached skill level 5 in Stealth
  1049 | D:2      | Reached XP level 4. HP: 24/24 MP: 7/7
  1116 | D:2      | Reached skill level 4 in Hexes
  1669 | D:3      | Found a blossoming altar of Fedhas.
  1681 | D:3      | Found a large runed translucent door.
  1688 | D:3      | Found a large runed translucent door.
  2039 | D:3      | Reached skill level 6 in Stealth
  2039 | D:3      | Reached XP level 5. HP: 28/28 MP: 8/8
  2278 | D:3      | Identified the +0 hand axe of the Empty Page {spect, Dex+4}
  2393 | D:3      | Found a sparkling altar of Nemelex Xobeh.
  2599 | D:3      | Found a corrupted altar of Lugonu.
  2607 | D:3      | Found a one-way gate to the infinite horrors of the Abyss.
  2885 | D:4      | Identified the +3 spear "Asengor" {vamp, *Rage rC+ rN++
                  | Will-}
  2934 | D:4      | Noticed Sigmund
  2942 | D:4      | HP: 6/28 [Sigmund/puff of flame (8)]
  3085 | D:4      | HP: 3/28 [Sigmund/+1 scythe of protection (6)]
  3090 | D:4      | HP: 7/28 [poisoned by an adder]
  3091 | D:4      | Killed Sigmund
  3092 | D:4      | Reached skill level 7 in Stealth
  3092 | D:4      | Reached skill level 5 in Hexes
  3092 | D:4      | Reached XP level 6. HP: 7/32 MP: 4/9
  3206 | D:4      | You pick up a book of Lightning and begin reading...
  3206 | D:4      | You add the spells Vhi's Electric Charge, Arcjolt and
                  | Plasma Beam to your library.
  3248 | D:4      | Reached XP level 7. HP: 36/36 MP: 10/10
  3569 | D:5      | Entered Level 5 of the Dungeon
  3751 | D:5      | Reached skill level 2 in Short Blades
  3751 | D:5      | Reached skill level 8 in Stealth
  4036 | D:5      | Reached skill level 3 in Short Blades
  4247 | D:5      | Reached skill level 4 in Short Blades
  4247 | D:5      | Reached skill level 9 in Stealth
  4253 | D:5      | Reached XP level 8. HP: 41/41 MP: 3/11
  4381 | D:5      | Noticed Pikel
  4399 | D:4      | Upgraded the game from 0.31-a0-700-gf13585253f to
                  | 0.31-a0-702-gf82c85558f
  4399 | D:4      | magus.rc [v1.9.6]
  4548 | D:5      | Noticed Menkaure
  4551 | D:5      | Killed Menkaure
  4552 | D:5      | Reached skill level 5 in Short Blades
  4717 | D:5      | Reached skill level 10 in Stealth
  4879 | D:5      | HP: 5/41 [Pikel/+0 whip of freezing (11)]
  4880 | D:5      | Slain by Pikel

Vanquished Creatures
  Sigmund (D:4)
  Menkaure (D:5)
  An ice beast (D:5)
  An ogre (D:5)
  A lemure (D:5)
  A phantom (D:5)
  3 scorpions
  2 hounds
  A gnoll bouda (D:5)
  An orc wizard (D:4)
  3 gnolls (D:5)
  7 adders
  2 worms
  2 dart slugs
  5 orcs
  5 endoplasms
  3 giant cockroaches
  4 goblins
  8 hobgoblins
  3 jackals (D:3)
  8 ball pythons
  A bat (D:1)
  3 frilled lizards
  9 kobolds
  6 rats
82 creatures vanquished.

Table legend:
 A = Non-vault XP
 B = Vault XP
 C = Vault XP percentage of total XP
 D = Non-vault monster count
 E = Vault monster count
 F = Vault count percentage of total count
                 A         B        C        D         E       F
            +---------+---------+-------+---------+---------+-------
      Total |     990 |     402 |  28.9 |      75 |       6 |   7.4
            +---------+---------+-------+---------+---------+-------
        D:1 |      33 |       0 |   0.0 |      22 |       0 |   0.0
        D:2 |      60 |       0 |   0.0 |      15 |       0 |   0.0
        D:3 |     109 |       4 |   3.5 |      17 |       4 |  19.0
        D:4 |     150 |     226 |  60.1 |      10 |       1 |   9.1
        D:5 |     638 |     172 |  21.2 |      11 |       1 |   8.3
            +---------+---------+-------+---------+---------+-------

Skill      XL: |  1  2  3  4  5  6  7  8 |
---------------+-------------------------+-----
Stealth        | 5 6 7 9 10 | 10.1
Hexes          | 4 5 |  5.5
Short Blades   | 4 5 |  5.8
Dodging        | |  2.4
Spellcasting   | |  2.1

Action                     |  1- 3 |  4- 6 |  7- 9 || total
---------------------------+-------+-------+-------++-------
  Melee: Dagger            |    60 |    37 |       ||    97
         Rapier            |       |     6 |    49 ||    55
   Cast: Ensorcelled Hiber |    11 |    15 |    16 ||    42
         Confusing Touch   |       |     2 |     2 ||     4
  Evoke: Wand              |       |     5 |       ||     5
    Use: Potion            |       |     2 |       ||     2
         Scroll            |       |       |     5 ||     5
   Stab: Sleeping          |    18 |    27 |    14 ||    59
         Distracted        |       |     2 |       ||     2
 Armour: Robe              |    18 |    20 |    29 ||    67
  Dodge: Dodged            |    46 |    28 |    39 ||   113

Illustrated notes

Table legend:
 A = Kills in this place as a percentage of kills in the entire game.
 B = Kills by you in this place as a percentage of kills by you in the entire game.
 C = Kills by friends in this place as a percentage of kills by friends in the entire game.
 D = Other kills in this place as a percentage of other kills in the entire game.
 E = Experience gained in this place as a percentage of experience gained in the entire game.
 F = Experience gained in this place divided by the number of levels of this place that you have seen.
                   A       B       C       D       E      F
               +-------+-------+-------+-------+-------+----------------------
         Total | 100.0 | 100.0 |   N/A |   N/A | 100.0 | 278.4
       Dungeon | 100.0 | 100.0 |   N/A |   N/A | 100.0 | 278.4
               +-------+-------+-------+-------+-------+----------------------

Table legend: (Time is in decaauts)
 A = Elapsed time spent in this place.
 B = Non-inter-level travel time spent in this place.
 C = Inter-level travel time spent in this place.
 D = Time resting spent in this place.
 E = Time spent auto-exploring this place.
 F = Levels seen in this place.
 G = Mean time per level.
                   A        B        C        D        E       F      G
               +--------+--------+--------+--------+--------+-----+--------+
         Total |   4877 |   4610 |    267 |    623 |   3293 |   5 |  975.4 |
       Dungeon |   4877 |   4610 |    267 |    623 |   3293 |   5 |  975.4 |
               +--------+--------+--------+--------+--------+-----+--------+

Top non-repeatable levels by time:
     D:4: 1221 daAuts
     D:3: 1089 daAuts
     D:5: 908 daAuts
     D:2: 831 daAuts
     D:1: 825 daAuts
